 Dungeon Crawl Stone Soup version 0.21.1-1-g345015fe64 (webtiles) character file.

51 Loge the Ruffian (level 3, -5/28 HPs)
             Began as a Draconian Transmuter on July 17, 2018.
             Shot with an arrow by a centaur (9 damage)
             ... on level 1 of the Dungeon.
             The game lasted 00:06:20 (1858 turns).

Loge the Ruffian (Draconian Transmuter)             Turns: 1858, Time: 00:06:21

Health: -5/28      AC:  5    Str: 12    XL:     3   Next: 58%
Magic:  5/6        EV: 12    Int: 14    God:
Gold:   21         SH:  0    Dex: 11    Spells: 3/6 levels left

rFire    . . .     SeeInvis .     - Unarmed
rCold    . . .     Gourm    .   (no shield)
rNeg     . . .     Faith    .   (armour unavailable)
rPois    .         Spirit   .   (helmet restricted)
rElec    .         Reflect  .   (no cloak)
rCorr    .         Harm     .   (no gloves)
MR       .....                  (boots currently unavailable)
Stlth    +.........             (no amulet)
HPRegen  0.09/turn              (no ring)
MPRegen  0.10/turn              (no ring)

@: appendage (expiring)
A: unfitting armour, talons 3, cold-blooded, AC +5
a: End Transformation


You were on level 1 of the Dungeon.
You were not hungry.
You had grown temporary talons.
You visited 1 branch of the dungeon, and saw 2 of its levels.

You collected 21 gold pieces.

Inventory:

Missiles
 a - 35 arrows
 h - 22 stones (quivered)
Scrolls
 f - a scroll of enchant armour {unknown}
 g - a scroll of remove curse {unknown}
 j - a scroll of teleportation {unknown}
Potions
 e - a potion of cancellation {unknown}
 i - a potion of ambrosia {unknown}
Books
 b - a book of Changes

   Spells                             Type                      Level
   a - Beastly Appendage              Transmutation                1
   b - Sticks to Snakes               Transmutation                2
   c - Spider Form                    Transmutation/Poison         3
   d - Ice Form                       Ice/Transmutation            4
   e - Blade Hands                    Transmutation                5
Comestibles
 c - 2 rations
 d - 2 chunks of flesh


   Skills:
 - Level 1.1 Fighting
 - Level 1.7 Dodging
 + Level 3.5 Unarmed Combat
 - Level 2.0 Spellcasting
 * Level 3.5 Transmutations


You had 3 spell levels left.
You knew the following spells:

 Your Spells              Type           Power        Failure   Level  Hunger
a - Beastly Appendage     Tmut           ##....       5%          1    ##.....
b - Sticks to Snakes      Tmut           ##......     9%          2    ###....


Dungeon Overview and Level Annotations

Branches:
Dungeon (2/15)

Altars:


Innate Abilities, Weirdness & Mutations

Your plain brown scales are hard. (AC +5)
You cannot fit into any form of body armour.
You are cold-blooded and may be slowed by cold attacks.
You have claws for feet.


Message History

You climb upwards.
There is a stone staircase leading down here.
You closely miss the centaur. You claw the centaur.
The centaur is lightly wounded.
The centaur hits you.
You hit the centaur. You claw the centaur, but do no damage.
The centaur is moderately wounded.
The centaur hits you! The centaur closely misses you.
You hit the centaur but do no damage. You claw the centaur.
The centaur is heavily wounded.
The centaur hits you but does no damage.
You hit the centaur but do no damage.
The centaur is heavily wounded.
Your transformation is almost over.
The centaur hits you.
* * * LOW HITPOINT WARNING * * *
The centaur wields an uncursed shortbow.
The centaur shoots an arrow.
The arrow closely misses you.
The centaur shoots an arrow.
The arrow hits you!
You die...

### ..# #.# #.###
....#############################
#.#...........c>@....(...........
#.###############..)......#######
#.# #.........##.######### ####
#.# #.#######.##.# #... #.# #.#
#.##.## #.## ..# #.# #.#...##
#.## ### #.# #####.))#..##
######.## #.# #......###..#
#......## ## #.#
#.###...#...####.#######


You could see a centaur.

Vanquished Creatures
  An adder (D:1)
  2 dart slugs (D:1)
  3 bats (D:1)
  5 giant cockroaches (D:1)
  6 goblins (D:1)
  6 hobgoblins (D:1)
  5 kobolds (D:1)
  A ball python (D:1)
  3 frilled lizards (D:1)
  3 rats (D:1)
35 creatures vanquished.

Notes
Turn   | Place    | Note
-------+----------+-------------------------------------------
     0 | D:1      | Loge the Draconian Transmuter began the quest for the Orb.
     0 | D:1      | Reached XP level 1. HP: 16/16 MP: 3/3
    97 | D:1      | Reached XP level 2. HP: 21/23 MP: 1/5
   902 | D:1      | Reached XP level 3. HP: 28/28 MP: 4/6
   906 | D:1      | Learned a level 2 spell: Sticks to Snakes
  1443 | D:2      | Noticed a centaur
  1858 | D:1      | Shot with an arrow by a centaur

Skill      XL: |  1  2 |
---------------+-------+-----
Transmutations | 3 |  3.5
Fighting       | |  1.1
Dodging        | |  1.7
Unarmed Combat | |  3.5
Spellcasting   | |  2.0

Action                   || total
-------------------------++-------
Melee: Unarmed           ||   139
       Tailslap          ||     9
       Kick              ||     9
       Headbutt          ||     8
 Cast: Beastly Appendage ||    26
  Eat: Chunk             ||     4
Armor: Skin              ||    54
Dodge: Dodged            ||   105
